 Dungeon Crawl Stone Soup version 0.17-a0-1387-g00d4e61 (webtiles) character file.

44 Kisielow the Poker (level 3, 0/27 HPs)
             Began as a Merfolk Skald on June 16, 2015.
             Succumbed to a goblin's poison
             ... on level 2 of the Dungeon.
             The game lasted 00:02:47 (1515 turns).

Kisielow the Poker (Merfolk Skald)                  Turns: 1515, Time: 00:02:47

Health: 0/27       AC:  3    Str: 12    XL:     3   Next: 62%
Magic:  6/6        EV: 11    Int: 12    God:
Gold:   138        SH:  0    Dex: 13    Spells: 3 memorised, 0 levels left

rFire  . . .     SeeInvis .     a - +0 spear
rCold  . . .     Clarity  .     b - +0 leather armour
rNeg   . . .     SustAt   .     (no shield)
rPois  .         Gourm    .     (no helmet)
rElec  .         Spirit   .     (no cloak)
rCorr  .         Warding  .     (no gloves)
rMut   .         Stasis   .     (no boots)
MR     .....                    (no amulet)
Stlth  +.........               (no ring)
                                g - ring of flight

@: lethally poisoned (0 -> -22), not resistant to hostile enchantments, very
unstealthy
A: change form in water, swift swim
a: Evoke Flight


You were on level 2 of the Dungeon.
You were hungry.

You visited 1 branch of the dungeon, and saw 2 of its levels.

You collected 138 gold pieces.

Inventory:

Hand weapons
 a - a +0 spear (weapon)
Armour
 b - a +0 leather armour (worn)
Jewellery
 g - a ring of flight (left hand)
Scrolls
 e - 4 scrolls of identify {unknown}
 h - a scroll of teleportation {unknown}
 k - a scroll of amnesia {unknown}
 l - a scroll of fog {unknown}
Potions
 j - a potion of heal wounds {unknown}
Books
 c - a book of Battle

   Spells                             Type                      Level
   a - Infusion                       Charms                       1
   b - Shroud of Golubria             Charms/Translocation         2
   c - Song of Slaying                Charms                       2
   d - Spectral Weapon                Hexes/Charms                 3
   e - Regeneration                   Charms/Necromancy            3
Comestibles
 d - a bread ration
 f - 2 meat rations
 i - 8 chunks of flesh


   Skills:
 - Level 2.1 Fighting
 * Level 5.1 Polearms
 - Level 0.6 Armour
 - Level 1.3 Dodging
 - Level 2.0 Spellcasting
 + Level 3.8 Charms


You couldn't memorise any spells.
You knew the following spells:

 Your Spells              Type           Power        Failure   Level  Hunger
a - Infusion              Chrm           ##....       10%         1    ##.....
q - Regeneration          Chrm/Necr      #.........   58%         3    ####...
w - Shroud of Golubria    Chrm/Tloc      #.........   28%         2    ###....


Dungeon Overview and Level Annotations

Branches:
Dungeon (2/15)

Altars:
Makhleb


Message History

You are too injured to fight recklessly!
You are too injured to fight recklessly!
You are too injured to fight recklessly!
You closely miss the bat.
* * * LOW HITPOINT WARNING * * *
You feel sick. The bat hits you but does no damage.
* * * LOW HITPOINT WARNING * * *
You feel sick. The bat hits you but does no damage.
Things that are here:
a dagger of venom; a goblin corpse You are too injured to fight recklessly!
You are too injured to fight recklessly!
You are too injured to fight recklessly!
You are too injured to fight recklessly!
* * * LOW HITPOINT WARNING * * *
You feel sick. The bat hits you but does no damage.
You are too injured to fight recklessly!
You hit the bat.
The bat is heavily wounded.
You die...

###.#. #.#. #. #... ##?
########## #..# #..
.#.......# #...
#..##.#.......#####.#
#...#.#..###..##.....
#.#.#.#..# #.....#...
###...@b#..###..##.#..#
#.<....##.......##....#
#.###..##.......##.##.#
#.###..###########.##.#
#.##...###### #.....
#.##.#....<.# ####.#
#...........# #.#
#....#.####.### #.#
#.._.#.#......#######.#


You could see a bat.

Vanquished Creatures
  An adder (D:2)
  2 ball pythons (D:1)
  3 giant cockroaches
  6 goblins
  4 hobgoblins
  4 jackals (D:2)
  6 kobolds
  4 bats
  A rat (D:2)
31 creatures vanquished.

Notes
Turn   | Place    | Note
--------------------------------------------------------------
     0 | D:1      | Kisielow the Merfolk Skald began the quest for the Orb.
     0 | D:1      | Reached XP level 1. HP: 16/16 MP: 3/3
   331 | D:1      | Reached XP level 2. HP: 22/22 MP: 5/5
   405 | D:1      | Reached skill level 4 in Polearms
  1178 | D:2      | Reached XP level 3. HP: 20/27 MP: 6/6
  1272 | D:2      | Learned a level 3 spell: Regeneration
  1275 | D:2      | Learned a level 2 spell: Shroud of Golubria
  1280 | D:2      | Found a faded altar to an unknown god.
  1435 | D:2      | Reached skill level 5 in Polearms
  1479 | D:2      | Found a burning altar of Makhleb.
  1515 | D:2      | Succumbed to a goblin's poison

Vault maps used:
D:1:      matt_arrival_refuge
D:2:      bloody_makhleb, ecumenical_altar_1

Action                   || total
-------------------------++-------
Melee: Spear             ||   139
  Eat: Chunk             ||     1
